[Event "Titled Tuesday Blitz November 14 Early 2023"]
[White "borocotoajua"]
[Black "Dragun, Kamil"]
[BlackFideId "1134167"]
[WhiteElo "2605"]
[BlackElo "2818"]
[Result "0-1"]
[Round "5"]
[TimeControl "180+1"]
[Date "2023.11.14"]
[WhiteClock "0:00:29"]
[BlackClock "0:01:05"]
[Board "43"]

1. d4 Nf6 2. Nf3 e6 3. c4 d5 4. g3 Bb4+ 5. Bd2 Be7 6. Qc2 c6 7. Bg2 Nbd7 8. O-O O-O 9. b3 Ne4 10. Bc3 a5 11. Nbd2 f5 12. e3 b5 13. c5 b4 14. Bb2 Ba6 15. Rfc1 g5 16. Ne1 Ndf6 17. Nd3 Ng4 18. Rf1 Qb8 19. Rae1 Qb5 20. Nc1 Qb7 21. h3 Bxf1 22. Rxf1 Nxd2 23. Qxd2 Nf6 24. Nd3 Ne4 25. Qe1 Bf6 26. f3 Nc3 27. Bxc3 bxc3 28. Qxc3 Kg7 29. Rc1 h6 30. Qd2 Rfb8 31. Bf1 a4 32. b4 a3 33. b5 Qxb5 34. Nf4 Qb2 35. Nxe6+ Kf7 36. Rc2 Kxe6 37. Rxb2 axb2 38. Bd3 b1=Q+ 39. Bxb1 Rxb1+ 40. Kg2 Ra1 41. e4 R8xa2 0-1


[Site "https://www.chess.com"]

[Event "Titled Tuesday Blitz November 14 Early 2023"]
[White "Demin, Vladimir"]
[Black "Xu, Yi"]
[WhiteFideId "4167457"]
[BlackFideId "8605564"]
[WhiteElo "2602"]
[BlackElo "2815"]
[Result "0-1"]
[Round "5"]
[TimeControl "180+1"]
[Date "2023.11.14"]
[WhiteClock "0:00:00"]
[BlackClock "0:02:34"]
[Board "44"]

1. d4 Nf6 2. Nc3 d5 3. Bf4 a6 4. e3 e6 5. g4 c5 6. g5 Nfd7 7. Nf3 Nc6 8. h4 b5 9. Bh3 Bb7 10. Ne2 b4 11. h5 Be7 0-1


[Site "https://www.chess.com"]

[Event "Titled Tuesday Blitz November 14 Early 2023"]
[White "Brunner, Nicolas"]
[Black "Vakhlamov, Igor L."]
[WhiteFideId "620246"]
[BlackFideId "24126748"]
[WhiteElo "2578"]
[BlackElo "2811"]
[Result "1-0"]
[Round "5"]
[TimeControl "180+1"]
[Date "2023.11.14"]
[WhiteClock "0:00:55"]
[BlackClock "0:00:00"]
[Board "45"]

1. Nf3 d5 2. g3 Nf6 3. Bg2 c5 4. c4 e6 5. O-O Nc6 6. cxd5 exd5 7. d4 Be7 8. Nc3 O-O 9. Bg5 c4 10. Ne5 Be6 11. b3 Qa5 12. Qd2 Bb4 13. Rac1 Ne4 14. Bxe4 dxe4 15. Nxc4 Bxc4 16. bxc4 Bxc3 17. Rxc3 Nxd4 18. Qxd4 Qxg5 19. Qxe4 b6 20. Rd3 Rae8 21. Qf3 Qc5 22. Rd7 Qxc4 23. Rxa7 Qxe2 24. Qxe2 Rxe2 25. Rb1 Re6 26. Rb7 Ra8 27. R1xb6 Ree8 28. Rb2 g6 29. Rc2 Re6 30. Rcc7 Rf6 31. Ra7 Rb8 32. Rc2 h5 33. h4 Rf5 34. a4 Kg7 35. Ra2 Rb1+ 36. Kg2 Rb6 37. a5 Rbb5 38. a6 Ra5 39. Rxa5 Rxa5 40. Kf3 Kf6 41. Ke4 Ra2 42. Kd5 1-0


[Site "https://www.chess.com"]

[Event "Titled Tuesday Blitz November 14 Early 2023"]
[White "Derjabin, Ilja"]
[Black "Vignesh N R"]
[WhiteFideId "14104768"]
[BlackFideId "25012215"]
[WhiteElo "2578"]
[BlackElo "2811"]
[Result "0-1"]
[Round "5"]
[TimeControl "180+1"]
[Date "2023.11.14"]
[WhiteClock "0:00:05"]
[BlackClock "0:00:26"]
[Board "46"]

1. d4 Nf6 2. c4 e6 3. Nc3 d5 4. cxd5 exd5 5. Bg5 c6 6. e3 Bd6 7. Bd3 h6 8. Bh4 O-O 9. Nge2 Be6 10. Qc2 Nbd7 11. h3 Re8 12. O-O Qc7 13. Rac1 a6 14. Bg3 Rac8 15. Bxd6 Qxd6 16. Nf4 c5 17. dxc5 Nxc5 18. Rfd1 Qe5 19. Nxe6 Nxe6 20. Bf5 Rc5 21. Bxe6 fxe6 22. Qb3 Qc7 23. Rd4 Ne4 24. Rb4 b5 25. a4 bxa4 26. Qxa4 Qc6 27. Qxc6 Rxc6 28. Ra4 Nc5 29. Ra2 Nd3 30. Rca1 Nb4 31. Ra4 Rb8 32. Kf1 Rbb6 33. Ke2 Nc2 34. R1a2 Nb4 35. Ra1 Kf7 36. Kd2 Kf6 37. R1a3 Rb7 38. Rb3 Rcb6 39. Ra5 Nc6 40. Rxb6 Rxb6 41. Ra2 Ne5 42. Kc2 Ke7 43. b3 Nd7 44. Ra5 Kd6 45. Ne2 Nc5 46. Nd4 g6 47. f4 Ne4 48. g4 Nf2 49. b4 Nxh3 50. b5 axb5 51. Nxb5+ Ke7 52. Nd4 Nf2 53. Ra7+ Kf6 54. g5+ hxg5 55. fxg5+ Kxg5 56. Nf3+ Kf6 57. Nd4 Ng4 58. Kd3 Ne5+ 59. Kd2 Nc6 60. Nxc6 Rxc6 61. Ra8 g5 62. Kd3 Rc7 63. Rf8+ Rf7 64. Rg8 Rg7 65. Rf8+ Ke5 66. Rf2 g4 67. Rg2 g3 68. Ke2 Ke4 69. Kd2 e5 70. Rg1 g2 71. Ke2 d4 72. exd4 exd4 73. Kf2 d3 74. Re1+ Kd4 75. Kg1 d2 76. Rd1 Kd3 77. Ra1 Ke2 0-1


[Site "https://www.chess.com"]

[Event "Titled Tuesday Blitz November 14 Early 2023"]
[White "Maksimovic, Bojan"]
[Black "Taboas Rodriguez, Daniel"]
[WhiteFideId "14408120"]
[BlackFideId "2208466"]
[WhiteElo "2810"]
[BlackElo "2558"]
[Result "1-0"]
[Round "5"]
[TimeControl "180+1"]
[Date "2023.11.14"]
[WhiteClock "0:00:05"]
[BlackClock "0:00:03"]
[Board "47"]

1. Nf3 Nf6 2. g3 b6 3. Bg2 Bb7 4. O-O g6 5. d4 Bg7 6. c4 O-O 7. Nc3 Ne4 8. Bd2 e6 9. d5 exd5 10. cxd5 Nxd2 11. Qxd2 d6 12. Nd4 Nd7 13. b4 Re8 14. Rac1 Ba6 15. Ncb5 Rxe2 16. Qxe2 Bxd4 17. a4 Bf6 18. Rfe1 Ne5 19. f4 Nd7 20. Qc2 Bxb5 21. axb5 Rc8 22. Bh3 Bd4+ 23. Kh1 f5 24. Bg2 Bg7 25. Qc6 Nf6 26. Re6 Ng4 27. Rce1 Bf8 28. R1e2 Kf7 29. h3 Nf6 30. Bf3 h5 31. Kg2 Kg7 32. Rc2 Kf7 33. Qc3 Kg7 34. Rce2 Kf7 35. Re1 Qd7 36. Qxf6+ Kg8 37. Qxg6+ Bg7 38. Qxf5 Qxb5 39. Bxh5 Rf8 40. Re8 Rxe8 41. Rxe8+ Qxe8 42. Bxe8 1-0


[Site "https://www.chess.com"]

[Event "Titled Tuesday Blitz November 14 Early 2023"]
[White "ChainedDowntohell"]
[Black "Tatarinov, Dmitry"]
[BlackFideId "24160067"]
[WhiteElo "2555"]
[BlackElo "2808"]
[Result "0-1"]
[Round "5"]
[TimeControl "180+1"]
[Date "2023.11.14"]
[WhiteClock "0:00:00"]
[BlackClock "0:00:19"]
[Board "48"]

1. d4 Nf6 2. c4 g6 3. Nc3 Bg7 4. e4 O-O 5. Be2 d6 6. Be3 c5 7. d5 Qb6 8. Qd2 e6 9. Nf3 Ng4 10. Bf4 e5 11. Bg3 Bh6 12. Qc2 f5 13. Bh4 Na6 14. a3 fxe4 15. Nxe4 Bf5 16. O-O Nf6 17. Bxf6 Bxe4 18. Qxe4 Rxf6 19. Qh4 Kg7 20. Ng5 Bxg5 21. Qxg5 Raf8 22. Qe3 Qxb2 23. Rab1 Qd4 24. Rxb7+ R6f7 25. Rfb1 Rxb7 26. Rxb7+ Rf7 27. Rb1 Nc7 28. g3 Na8 29. Rb8 Nb6 30. Rd8 Rf6 31. Re8 Na4 32. Kg2 Nc3 33. Bd3 Nd1 34. Qxd4 cxd4 35. Re7+ Rf7 36. Re8 Rxf2+ 37. Kg1 Rf7 38. Re6 Rf6 39. Re7+ Kh6 40. Rxa7 Nc3 41. Re7 Rf3 0-1


[Site "https://www.chess.com"]

[Event "Titled Tuesday Blitz November 14 Early 2023"]
[White "Grunberg, Mihai-Lucian"]
[Black "Fier, Alexandr"]
[WhiteFideId "1204149"]
[BlackFideId "2107139"]
[WhiteElo "2554"]
[BlackElo "2806"]
[Result "0-1"]
[Round "5"]
[TimeControl "180+1"]
[Date "2023.11.14"]
[WhiteClock "0:00:15"]
[BlackClock "0:00:53"]
[Board "49"]

1. Nf3 Nf6 2. g3 g6 3. Bg2 Bg7 4. O-O O-O 5. c4 d6 6. d4 Nc6 7. Nc3 a6 8. Re1 Rb8 9. Rb1 b5 10. cxb5 axb5 11. b4 e6 12. e4 Bd7 13. d5 Ne7 14. dxe6 Bxe6 15. e5 dxe5 16. Nxe5 Qc8 17. Qe2 Re8 18. Nxb5 Ned5 19. Bd2 Bf5 20. Rbc1 Qa6 21. Nxc7 Nxc7 22. Rxc7 Qxa2 23. Bc3 Qb3 24. Qc4 Qxc4 25. Nxc4 Rec8 26. Ree7 Rxc7 27. Rxc7 Ne8 28. Bxg7 Nxc7 29. Bc3 Nb5 30. Bd2 Rc8 31. Bf1 Nd4 32. Ne5 f6 33. Nc4 Be6 34. Be3 Nf3+ 35. Kg2 Ne1+ 0-1


[Site "https://www.chess.com"]

[Event "Titled Tuesday Blitz November 14 Early 2023"]
[White "Karas, Marek"]
[Black "Narayanan, Srinath"]
[WhiteFideId "14928558"]
[BlackFideId "5018420"]
[WhiteElo "2548"]
[BlackElo "2794"]
[Result "0-1"]
[Round "5"]
[TimeControl "180+1"]
[Date "2023.11.14"]
[WhiteClock "0:00:04"]
[BlackClock "0:00:13"]
[Board "50"]

1. d4 Nf6 2. Nf3 d5 3. c4 e6 4. Nc3 Nbd7 5. Bg5 Bb4 6. cxd5 exd5 7. e3 h6 8. Bf4 Nh5 9. Be5 Nxe5 10. Nxe5 Bxc3+ 11. bxc3 Nf6 12. Bd3 O-O 13. c4 c5 14. Nf3 Bg4 15. dxc5 Bxf3 16. Qxf3 Qa5+ 17. Ke2 Qxc5 18. Rhc1 d4 19. Kf1 dxe3 20. Qxe3 Qxe3 21. fxe3 Ng4 22. Be4 Rab8 23. h3 Rfe8 24. Bf3 Nxe3+ 25. Kf2 Nf5 26. Rab1 b6 27. c5 bxc5 28. Rxb8 Rxb8 29. Rxc5 Rb2+ 30. Kg1 Nd4 31. Be4 g6 32. Bd5 Rb5 33. Rc8+ Kg7 34. Bc4 Rb7 35. a4 Nf5 36. Bd5 Rb1+ 37. Kh2 Ne3 38. Rc5 Ra1 39. Bc6 Nf1+ 40. Kg1 Ng3+ 41. Kh2 Nf5 42. Ra5 h5 43. g4 hxg4 44. hxg4 Ra2+ 45. Kg1 Ne3 46. g5 Rc2 47. Bb7 Rc7 48. Rxa7 Nc4 49. a5 Nxa5 50. Rxa5 Rxb7 51. Kf2 Rb3 52. Rd5 Kf8 53. Re5 Rc3 54. Kg2 Rd3 55. Kf2 Kg8 56. Kg2 Kg7 57. Kf2 Kf8 58. Kg2 Rd6 59. Kf2 Re6 60. Ra5 Re4 61. Kf3 Rh4 62. Kg3 Rd4 63. Kf3 Ke7 64. Kg3 Ke6 65. Kf3 Rd5 66. Ra6+ Kf5 67. Rf6+ Kxg5 68. Rxf7 Rf5+ 69. Rxf5+ Kxf5 70. Kg3 Kg5 71. Kf3 Kh4 72. Kg2 Kg4 73. Kf2 Kh3 74. Kg1 Kg3 75. Kh1 Kf2 76. Kh2 g5 77. Kh3 Kf3 78. Kh2 g4 79. Kg1 Kg3 80. Kh1 Kh3 81. Kg1 Kg3 82. Kh1 Kf2 83. Kh2 g3+ 84. Kh1 g2+ 85. Kh2 g1=Q+ 86. Kh3 Qg3# 0-1


[Site "https://www.chess.com"]

[Event "Titled Tuesday Blitz November 14 Early 2023"]
[White "Baches Garcia, Guillermo"]
[Black "Alen_Yeremyann"]
[WhiteFideId "2209764"]
[WhiteElo "2543"]
[BlackElo "2791"]
[Result "0-1"]
[Round "5"]
[TimeControl "180+1"]
[Date "2023.11.14"]
[WhiteClock "0:00:10"]
[BlackClock "0:01:34"]
[Board "51"]

1. d4 Nf6 2. Nf3 g6 3. Bg5 Bg7 4. Nbd2 d5 5. e3 O-O 6. Be2 c5 7. c3 Nc6 8. O-O Nd7 9. h3 Qb6 10. Rb1 e5 11. dxc5 Nxc5 12. c4 Bf5 13. Rc1 d4 14. exd4 exd4 15. Re1 Qxb2 16. Nb3 Nxb3 17. Qxb3 Qxb3 18. axb3 Rfe8 19. Bf1 h6 20. Bf4 g5 21. Bd6 d3 22. Nd2 Rxe1 23. Rxe1 Bc3 24. Rd1 Nd4 25. g4 Bg6 26. Bg2 Bxd2 27. Rxd2 Nxb3 28. Rb2 d2 29. Bf3 Rd8 30. c5 Nxc5 31. Bxc5 d1=Q+ 32. Bxd1 Rxd1+ 33. Kh2 Be4 34. Bxa7 Rh1+ 35. Kg3 Rg1+ 36. Kh2 Rg2+ 0-1


[Site "https://www.chess.com"]

[Event "Titled Tuesday Blitz November 14 Early 2023"]
[White "Toktomushev, Teimur"]
[Black "Budisavljevic, Luka"]
[WhiteFideId "14176726"]
[BlackFideId "960047"]
[WhiteElo "2526"]
[BlackElo "2772"]
[Result "0-1"]
[Round "5"]
[TimeControl "180+1"]
[Date "2023.11.14"]
[WhiteClock "0:00:00"]
[BlackClock "0:00:48"]
[Board "52"]

1. d4 Nf6 2. c4 a6 3. Nc3 c5 4. d5 b5 5. cxb5 axb5 6. Nxb5 Qa5+ 7. Nc3 Bb7 8. Bd2 Qb6 9. e4 e6 10. dxe6 fxe6 11. Bd3 Nc6 12. Nf3 Nb4 13. Bc4 Nxe4 14. Nxe4 Bxe4 15. O-O Bd6 16. Ng5 Bg6 17. Bxb4 cxb4 18. Nxe6 dxe6 19. Bxe6 Ra7 20. Re1 Re7 21. Qa4+ Kf8 22. Qa8+ Re8 23. Qf3+ Ke7 24. Bf7+ Kd7 25. Qg4+ Kd8 26. Bxe8 Rxe8 27. Rxe8+ Bxe8 28. Qxg7 Qc5 29. Qf6+ Kc7 30. Qg7+ Kb6 31. Qh6 Bc6 32. Rd1 Be5 33. Qxh7 Bxb2 34. Qd3 Qc3 35. Qe2 Qg7 36. f3 Bd4+ 37. Kh1 Bc5 38. Qc4 Qe5 39. Rc1 Bb5 40. Qh4 Bd6 41. Qh6 Ka5 42. Rd1 Bc7 43. Qh3 Ka4 44. Qh7 Qe2 45. Rc1 Bf4 46. Qc2+ Qxc2 47. Rxc2 Bd3 0-1


[Site "https://www.chess.com"]

[Event "Titled Tuesday Blitz November 14 Early 2023"]
[White "Nigmatov, Ortik"]
[Black "arenal72"]
[WhiteFideId "14202131"]
[WhiteElo "2767"]
[BlackElo "2489"]
[Result "1-0"]
[Round "5"]
[TimeControl "180+1"]
[Date "2023.11.14"]
[WhiteClock "0:00:04"]
[BlackClock "0:00:00"]
[Board "53"]

1. e4 Nc6 2. Nf3 d6 3. d4 Nf6 4. Nc3 g6 5. h3 Bg7 6. Bc4 O-O 7. O-O Nxe4 8. Nxe4 d5 9. Bxd5 Qxd5 10. Nc3 Qd8 11. Be3 e5 12. d5 Ne7 13. Bc5 b6 14. Ba3 Re8 15. Re1 Nf5 16. Qd3 a5 17. Rad1 Ba6 18. Qd2 Nd6 19. b3 h6 20. Bb2 f5 21. a4 Qd7 22. Nb1 Ne4 23. Qe3 Qd6 24. c4 c5 25. dxc6 Qxc6 26. Nbd2 Nxd2 27. Qxd2 Bb7 28. Qd6 e4 29. Qxc6 Bxc6 30. Bxg7 exf3 31. Be5 Rad8 32. Rxd8 Rxd8 33. gxf3 Bxf3 34. Bc7 Rd3 35. Rb1 Be4 36. Rb2 Rxh3 37. f3 Bxf3 38. Rd2 Be4 39. Bxb6 Rxb3 40. c5 h5 41. Bxa5 h4 42. Bc7 h3 43. Kh2 g5 44. Re2 g4 45. Bd6 Rb1 46. a5 Rh1+ 47. Kg3 Rg1+ 48. Kh2 Ra1 49. Bc7 Ra3 50. Rb2 Kf7 51. Rd2 Ke6 52. Rd6+ Ke7 53. Rd2 Kf7 54. Rd7+ 1-0


[Site "https://www.chess.com"]

[Event "Titled Tuesday Blitz November 14 Early 2023"]
[White "Javakhadze, Zurab"]
[Black "Mazurkiewicz, Michal"]
[WhiteFideId "13603647"]
[BlackFideId "1124943"]
[WhiteElo "2767"]
[BlackElo "2460"]
[Result "1-0"]
[Round "5"]
[TimeControl "180+1"]
[Date "2023.11.14"]
[WhiteClock "0:00:07"]
[BlackClock "0:00:09"]
[Board "54"]

1. Nf3 Nf6 2. c4 g6 3. Nc3 Bg7 4. e4 d6 5. d4 O-O 6. Be2 e5 7. Be3 Nc6 8. O-O Ng4 9. Bg5 f6 10. Bc1 f5 11. dxe5 Ngxe5 12. exf5 Bxf5 13. Nxe5 Nxe5 14. Qd5+ Kh8 15. Qxb7 Qh4 16. Qd5 Rae8 17. c5 dxc5 18. Qxc5 Nd3 19. Bxd3 Bd4 20. Bg5 Bxc5 21. Bxh4 Bxd3 22. Rfd1 Ba6 23. Rac1 Rf5 24. Nd5 Bd6 25. Nxc7 Bxc7 26. Rxc7 Rd5 27. Rcc1 Rxd1+ 28. Rxd1 Re2 29. f3 Rxb2 30. Bf6+ 1-0


[Site "https://www.chess.com"]

[Event "Titled Tuesday Blitz November 14 Early 2023"]
[White "Begunov, Konstantin"]
[Black "Saydaliev, Saidakbar"]
[WhiteFideId "4118510"]
[BlackFideId "14203693"]
[WhiteElo "2448"]
[BlackElo "2759"]
[Result "0-1"]
[Round "5"]
[TimeControl "180+1"]
[Date "2023.11.14"]
[WhiteClock "0:00:21"]
[BlackClock "0:00:09"]
[Board "55"]

1. d4 Nf6 2. c4 e6 3. Nf3 d5 4. Nc3 Bb4 5. Qa4+ Nc6 6. Ne5 Bd7 7. Nxc6 Bxc3+ 8. bxc3 Bxc6 9. Qb3 dxc4 10. Qxc4 O-O 11. Bg5 h6 12. Bh4 Re8 13. Rd1 Qe7 14. f3 a6 15. Qb3 Qd7 16. Rd2 Nd5 17. e4 Nb6 18. Be2 Ba4 19. Qb4 Qc6 20. c4 a5 21. Qc3 Bb5 22. O-O Bxc4 23. Rc1 Bxe2 24. Qxc6 bxc6 25. Rxe2 e5 26. dxe5 Rxe5 27. Rxc6 f5 28. Bg3 Rb5 29. Bxc7 Na4 30. e5 Rc8 31. e6 Nc5 32. Re5 Rb1+ 33. Kf2 Nd3+ 34. Kg3 Nxe5 35. Rc5 Rb7 36. Rxe5 Rbxc7 37. Rxf5 Rc5 38. Kf4 Rxf5+ 39. Kxf5 Rc5+ 40. Ke4 Kf8 41. f4 Ke7 42. f5 Rc2 43. g4 Rxa2 0-1


[Site "https://www.chess.com"]

[Event "Titled Tuesday Blitz November 14 Early 2023"]
[White "Lacasa Diaz, Jose Antonio"]
[Black "Samunenkov, Ihor"]
[WhiteFideId "2203375"]
[BlackFideId "14187086"]
[WhiteElo "2359"]
[BlackElo "2759"]
[Result "0-1"]
[Round "5"]
[TimeControl "180+1"]
[Date "2023.11.14"]
[WhiteClock "0:00:19"]
[BlackClock "0:00:48"]
[Board "56"]

1. e4 c5 2. Nf3 Nc6 3. Bb5 g6 4. Bxc6 dxc6 5. d3 Bg7 6. Nbd2 Bg4 7. h3 Bxf3 8. Nxf3 Nf6 9. e5 Nd5 10. O-O O-O 11. Re1 Nc7 12. Be3 Ne6 13. Qd2 Re8 14. Bh6 Bh8 15. Ng5 Qd5 16. Nxe6 Qxe6 17. Qe3 b6 18. a4 a5 19. Qf4 Rad8 20. Re4 Rd5 21. Rae1 Qf5 22. g4 Qxf4 23. Bxf4 e6 24. b3 Bg7 25. h4 Red8 26. Kg2 Rd4 27. Kf3 R8d5 28. h5 h6 29. hxg6 fxg6 30. Bg3 Kf7 31. Bf4 g5 32. Bg3 Kg6 33. Rxd4 Rxd4 34. Re4 Rd7 35. Ke2 h5 36. gxh5+ Kxh5 37. f3 Kg6 38. Kf2 Kf5 39. f4 g4 40. Bh4 Bh6 41. Kg3 Rd4 42. Bd8 Bxf4+ 0-1


[Site "https://www.chess.com"]

[Event "Titled Tuesday Blitz November 14 Early 2023"]
[White "ilya2700"]
[Black "Hambleton, Aman"]
[BlackFideId "2606577"]
[WhiteElo "2280"]
[BlackElo "2747"]
[Result "1/2-1/2"]
[Round "5"]
[TimeControl "180+1"]
[Date "2023.11.14"]
[WhiteClock "0:00:20"]
[BlackClock "0:00:01"]
[Board "57"]

1. d4 e5 2. dxe5 Nc6 3. Nf3 Qe7 4. Bf4 Qb4+ 5. Bd2 Qxb2 6. Nc3 Bb4 7. Rb1 Qxc3 8. Bxc3 Bxc3+ 9. Nd2 Nxe5 10. e3 Nf6 11. Bd3 O-O 12. O-O d5 13. h3 b6 14. Nf3 Nxf3+ 15. Qxf3 Be5 16. g4 h6 17. Rbd1 Be6 18. Bf5 Rae8 19. Rd3 Bd6 20. Rfd1 Bxf5 21. Qxf5 Re5 22. Qf3 Rfe8 23. Rc1 b5 24. Rb1 a6 25. Ra1 h5 26. gxh5 Rg5+ 27. Kh1 Re4 28. h6 Rh4 29. hxg7 Ne4 30. Rf1 Rgh5 31. Kg2 Rg5+ 32. Kh1 f5 33. Rxd5 Rgh5 34. Kg2 Rg5+ 35. Kh1 Rgh5 36. Kg2 Rg5+ 37. Kh1 1/2-1/2


[Site "https://www.chess.com"]

[Event "Titled Tuesday Blitz November 14 Early 2023"]
[White "Petkov, Momchil"]
[Black "DavitSantryan02"]
[WhiteFideId "2921642"]
[WhiteElo "2731"]
[BlackElo "1905"]
[Result "1-0"]
[Round "5"]
[TimeControl "180+1"]
[Date "2023.11.14"]
[WhiteClock "0:00:25"]
[BlackClock "0:00:02"]
[Board "58"]

1. d4 d5 2. Nf3 Nf6 3. Bf4 c5 4. e3 Nc6 5. c3 Bf5 6. dxc5 e6 7. b4 a6 8. Nbd2 Nh5 9. Bg5 Qc7 10. Nd4 Bg6 11. Be2 Nf6 12. Bf4 e5 13. Bg3 Be7 14. N2f3 Nd7 15. Qb3 Be4 16. Nd2 Bxg2 17. Rg1 Bh3 18. Qxd5 Nxd4 19. cxd4 Be6 20. Bxe5 Nxe5 21. Qxe5 Qxe5 22. dxe5 O-O 23. Bf3 a5 24. Bxb7 Ra7 25. c6 axb4 26. Ke2 Rd8 27. Nb3 Bc4+ 28. Kf3 Bd5+ 29. Kg3 h5 30. h4 Re8 31. Rgd1 Be6 32. Nd4 Bc4 33. Rdc1 Bd3 34. Rd1 Bc4 35. Rac1 Bxa2 36. Ra1 b3 37. Nxb3 f6 38. Nc1 Ra4 39. Rxa2 Rg4+ 40. Kf3 fxe5 41. c7 e4+ 42. Ke2 Bxh4 43. c8=Q Rxc8 44. Bxc8 Rg2 45. Rf1 Kh7 46. Ra4 g6 47. Rxe4 Kh6 48. Rxh4 Rg5 49. Rd4 Rc5 50. Ba6 Rc2+ 51. Rd2 Rc5 52. Bd3 h4 53. Nb3 g5 54. Nd4 g4 55. Ra2 Kh5 56. Rh1 h3 57. Rb2 Rd5 58. Rb5 Rxb5 59. Bxb5 Kh4 60. Bd7 Kg5 61. Nf5 Kh5 62. Ng3+ Kh4 63. Rb1 h2 64. Rb5 Kh3 65. Bc6 h1=Q 66. Rh5# 1-0


[Site "https://www.chess.com"]

[Event "Titled Tuesday Blitz November 14 Early 2023"]
[White "Grischuk, Alexander"]
[Black "Hua, Lefong"]
[WhiteFideId "4126025"]
[BlackFideId "2602253"]
[WhiteElo "2946"]
[BlackElo "2680"]
[Result "0-1"]
[Round "5"]
[TimeControl "180+1"]
[Date "2023.11.14"]
[WhiteClock "0:00:02"]
[BlackClock "0:00:25"]
[Board "59"]

1. d4 Nf6 2. c4 c5 3. d5 e6 4. Nc3 exd5 5. cxd5 d6 6. Nf3 g6 7. Nd2 Nbd7 8. e4 Bg7 9. Be2 O-O 10. O-O Re8 11. a4 Ne5 12. Qc2 g5 13. Ra3 g4 14. Re1 a6 15. Nf1 Nh5 16. Nd1 Qf6 17. Ng3 Nxg3 18. fxg3 Qg6 19. Ne3 Bd7 20. a5 Rac8 21. Rf1 c4 22. Nf5 Nd3 23. Nxg7 Qxg7 24. Be3 Rxe4 25. Bb6 Rce8 26. Bxd3 cxd3 27. Qf2 Re2 28. Qf4 d2 29. Raa1 Bb5 30. Bd4 Qg6 31. Bc3 Qe4 32. Qg5+ Qg6 33. Qf4 R8e4 34. Qf6 Qxf6 35. Bxf6 Re1 0-1


[Site "https://www.chess.com"]

[Event "Titled Tuesday Blitz November 14 Early 2023"]
[White "Hasangatin, Ramil"]
[Black "Matlakov, Maxim"]
[WhiteFideId "4122160"]
[BlackFideId "4168003"]
[WhiteElo "2677"]
[BlackElo "2944"]
[Result "0-1"]
[Round "5"]
[TimeControl "180+1"]
[Date "2023.11.14"]
[WhiteClock "0:00:02"]
[BlackClock "0:00:19"]
[Board "60"]

1. e4 c5 2. Nf3 Nc6 3. Bb5 e5 4. d4 Nxd4 5. Nxd4 cxd4 6. c3 Bc5 7. O-O Nf6 8. cxd4 Bxd4 9. Nc3 O-O 10. Bg5 h6 11. Bxf6 Qxf6 12. Nd5 Qg5 13. Qb3 d6 14. Bc4 Rb8 15. a4 Kh8 16. Kh1 f5 17. f4 exf4 18. Rxf4 Be5 19. Rf3 f4 20. Ne3 Bd7 21. Raf1 Rfc8 22. Nf5 Rc5 23. Be6 Bc6 24. h4 Qf6 25. Rxf4 Bxf4 26. Rxf4 Qe5 27. Qg3 Rc1+ 28. Kh2 Rc2 29. h5 Rf8 30. b4 Rc3 31. Qg4 Bxe4 0-1


[Site "https://www.chess.com"]

[Event "Titled Tuesday Blitz November 14 Early 2023"]
[White "Aravindh, Chithambaram VR."]
[Black "Hristodoulou, Panagiotis"]
[WhiteFideId "5072786"]
[BlackFideId "4214340"]
[WhiteElo "2942"]
[BlackElo "2641"]
[Result "1-0"]
[Round "5"]
[TimeControl "180+1"]
[Date "2023.11.14"]
[WhiteClock "0:02:03"]
[BlackClock "0:00:26"]
[Board "61"]

1. b3 d5 2. Bb2 Nf6 3. Nf3 c6 4. g3 Bg4 5. Bg2 Nbd7 6. O-O e6 7. c4 Be7 8. d3 O-O 9. Nbd2 Re8 10. Qc2 a5 11. e4 dxe4 12. dxe4 Nc5 13. Rad1 Qb6 14. e5 Bf5 15. Qc3 Nfe4 16. Qe3 Nxd2 17. Rxd2 Red8 18. Rd6 Rxd6 19. exd6 Bxd6 20. Bxg7 Kxg7 21. Qd4+ Kg8 22. Qxd6 Rd8 23. Qe7 Bg6 24. Ne5 Nd3 25. c5 Nxc5 26. Nc4 1-0


[Site "https://www.chess.com"]

[Event "Titled Tuesday Blitz November 14 Early 2023"]
[White "Chigaev, Maksim"]
[Black "Wadsworth, Matthew J"]
[WhiteFideId "4108116"]
[BlackFideId "415804"]
[WhiteElo "2894"]
[BlackElo "2620"]
[Result "1-0"]
[Round "5"]
[TimeControl "180+1"]
[Date "2023.11.14"]
[WhiteClock "0:00:25"]
[BlackClock "0:00:02"]
[Board "62"]

1. d4 Nf6 2. c4 c5 3. d5 e6 4. Nc3 exd5 5. cxd5 d6 6. Nf3 g6 7. h3 Bg7 8. Bf4 O-O 9. e3 a6 10. a4 Qe7 11. Be2 Ne8 12. O-O Nd7 13. a5 Nc7 14. Nd2 Ne5 15. Nc4 Nxc4 16. Bxc4 Bd7 17. Qb3 Rab8 18. Qb6 Ne8 19. Bxa6 g5 20. Bh2 f5 21. Bb5 f4 22. exf4 gxf4 23. Rae1 Be5 24. Bxd7 Qxd7 25. Ne4 Qg7 26. Kh1 Ra8 27. Nxc5 f3 28. gxf3 Bxh2 29. Kxh2 Kh8 30. Ne6 Qf7 31. Nxf8 Qf4+ 32. Kh1 Qxf3+ 33. Kg1 Nf6 34. Qxd6 Rxa5 35. Re3 Rxd5 36. Rxf3 1-0


[Site "https://www.chess.com"]

[Event "Titled Tuesday Blitz November 14 Early 2023"]
[White "Manukyan, Sargis A."]
[Black "Klukin, Kirill"]
[WhiteFideId "13303970"]
[BlackFideId "24199273"]
[WhiteElo "2597"]
[BlackElo "2854"]
[Result "0-1"]
[Round "5"]
[TimeControl "180+1"]
[Date "2023.11.14"]
[WhiteClock "0:00:04"]
[BlackClock "0:00:17"]
[Board "63"]

1. d4 f5 2. c4 e6 3. Nc3 Nf6 4. Nf3 Bb4 5. Qc2 b6 6. e3 Bb7 7. Be2 O-O 8. O-O Bxc3 9. Qxc3 a5 10. b3 Nc6 11. a3 Ne4 12. Qc2 Qe7 13. Nd2 Nd8 14. Nxe4 Bxe4 15. Bd3 Bxd3 16. Qxd3 Nf7 17. Bd2 Nd6 18. f3 a4 19. b4 c6 20. d5 cxd5 21. cxd5 b5 22. e4 fxe4 23. fxe4 Nc4 24. Bc3 e5 25. Bd2 d6 26. g3 h6 27. Kg2 Qd7 28. h3 Qa7 29. g4 Qe7 30. g5 hxg5 31. Rae1 g4 32. Bc1 Qh4 33. hxg4 Rxf1 34. Rxf1 Qxg4+ 35. Kh2 Rf8 36. Rxf8+ Kxf8 37. Qf1+ Kg8 38. Qe1 Kh7 39. Kh1 Qh3+ 40. Kg1 Kg6 41. Qf2 Qg4+ 42. Kh2 Qxe4 43. Qg3+ Kf7 44. Qh3 Qe2+ 45. Kg1 Qd1+ 46. Kh2 Qc2+ 47. Kg3 Qd3+ 48. Kg4 Qxh3+ 49. Kxh3 g5 50. Kg4 Kg7 51. Kxg5 Nb6 52. Kf5 Kf7 53. Ke4 Kf6 54. Be3 Nc4 55. Bc1 Kg6 56. Kf3 Kf5 57. Bh6 e4+ 58. Ke2 Ke5 59. Bg7+ Kxd5 60. Kd1 Nxa3 61. Kd2 Nc4+ 62. Kc3 e3 63. Kd3 a3 64. Bc3 Ke6 65. Bd4 Kf5 66. Bc3 Kg4 67. Ke2 Kf4 68. Bd4 Ke4 69. Bc3 d5 70. Ba1 d4 71. Kd1 d3 72. Bc3 d2 73. Kc2 Nb2 74. Bxd2 exd2 75. Kxd2 a2 76. Kc2 a1=Q 77. Kb3 Nc4 78. Kc2 Qb2+ 79. Kd1 Qd2# 0-1


[Site "https://www.chess.com"]

[Event "Titled Tuesday Blitz November 14 Early 2023"]
[White "Sousa, Andre Ventura"]
[Black "BardArtem"]
[WhiteFideId "1917617"]
[WhiteElo "2596"]
[BlackElo "2835"]
[Result "1-0"]
[Round "5"]
[TimeControl "180+1"]
[Date "2023.11.14"]
[WhiteClock "0:00:25"]
[BlackClock "0:00:00"]
[Board "64"]

1. e4 e5 2. Nf3 Nc6 3. Bb5 Nge7 4. O-O Ng6 5. c3 d5 6. d4 dxe4 7. Nxe5 Nxe5 8. dxe5 Qxd1 9. Rxd1 Bd7 10. Bf4 O-O-O 11. Nd2 Nxe5 12. Bxd7+ Nxd7 13. Nxe4 Be7 14. Rd4 Nf6 15. Nxf6 Bxf6 16. Rxd8+ Rxd8 17. Kf1 g5 18. Be3 h5 19. Ke2 Re8 20. h3 a6 21. Rh1 b5 22. g4 Rh8 23. Rg1 hxg4 24. hxg4 Kd7 25. Kf3 Ke6 26. Ke4 Be7 27. a4 bxa4 28. Ra1 Rh4 29. Kf3 a3 30. b4 f5 31. gxf5+ Kxf5 32. Rxa3 Rh6 33. Ra5+ Ke6 34. Rxa6+ Bd6 35. Bxg5 Rh3+ 36. Ke4 Rxc3 37. Bd2 Rc4+ 38. Kd3 Rh4 39. f4 Rh2 40. Bc3 Kd5 41. Ra5+ c5 42. bxc5 Rh3+ 43. Kc2 Bxf4 44. c6+ Kxc6 45. Rf5 Bd6 46. Be5 Bc5 47. Bc3 Bd6 48. Rf6 Kd5 49. Rg6 Bf4 50. Rg4 Rf3 51. Bd2 Be5 52. Ra4 Bd4 53. Ra8 Kc4 54. Rc8+ Bc5 55. Rc7 Rh3 56. Rc8 Rg3 57. Rc7 Rg2 58. Rc8 Re2 59. Rc7 Rf2 60. Rc8 Rg2 61. Rc7 Kd5 62. Kd3 Bd6 63. Rd7 Rg3+ 64. Kc2 Rf3 65. Rd8 Ke6 66. Re8+ Kd7 67. Re3 Rf5 68. Rd3 Kc6 69. Rc3+ Rc5 70. Be3 Rc4 71. Rxc4+ Kd5 72. Rg4 Ke6 73. Kd3 Kf5 74. Rc4 Ke5 75. Bf4+ 1-0


[Site "https://www.chess.com"]